AoeStats
← Voobly

African Clearing

510404311Analyzed
4v4 RM · 10h ago on Sep 30, 2026· 25m 45s· 8 players
Game mode
Random Map
Map size
Large (8 player)
Population
200
Speed
Normal
Resources
Standard
Victory
Conquest
Starting age
Dark Age
Ending age
Imperial Age
RankedLock teamsTeams togetherTeam positionsShared explorationLock speedFull tech treeHidden civsTurbo modeCheats
Victory
Defeat
🇨🇴 Huns · Colombia
916
+13
🇱🇺 Burgundians · Luxembourg
909
+13
🇦🇷 Mongols · Argentina
887
+14
🇦🇷 Khmer · Argentina
842
+16
🇫🇷 Franks · France
858
-15
🇩🇪 Slavs · Germany
848
-14
🇬🇧 Dravidians · United Kingdom
846
-14
🇹🇷 Britons · Türkiye
830
-13
JAKOW45
6:46 Loom
14:16 Feudal Age
20:30 Castle Age
22:54 Husbandry
23:06 Bloodlines
22:57 Light Cavalry
not.matiasz
5:14 Loom
11:51 Feudal Age
21:23 Castle Age
20:53 Fletching
21:59 Bodkin Arrow
23:22 Padded Archer Armor
Voobly
6:28 Loom
12:13 Double-Bit Axe
15:54 Feudal Age
16:02 Gold Mining
16:52 Bow Saw
24:48 Castle Age
23:59 Gold Shaft Mining
23:14 Stone Mining
24:41 Horse Collar
26:02 Stone Shaft Mining
25:47 Forging
25:43 Scale Barding Armor
(Terry-Fox)
4:47 Loom
12:49 Feudal Age
Doofus
13:27 Feudal Age
13:59 Double-Bit Axe
14:04 Loom
20:51 Castle Age
19:36 Fletching
20:07 Town Watch
22:01 Bow Saw
22:30 Wheelbarrow
22:47 Horse Collar
HORIZONUF
13:40 Feudal Age
14:25 Double-Bit Axe
21:33 Castle Age
24:19 Stone Mining
_marcus_
14:33 Feudal Age
pumperbars
14:02 Feudal Age
15:34 Double-Bit Axe
17:40 Padded Archer Armor
18:01 Gold Mining
25:47 Loom
Connection lost

Rejoining the realm…

Still unreachable

The connection could not be restored.

Session expired

The server has moved on; the page needs a fresh start.